 Dungeon Crawl Stone Soup version 0.29.0 (webtiles) character file.

Game seed: 9454178550871644465

36 osuadh the Digger (level 3, 0/21 (31) HPs)
             Began as a Meteoran Earth Elementalist on Aug 25, 2022.
             Slain by a gnoll
             ... wielding a +0 whip
              (8 damage)
             ... on level 2 of the Dungeon.
             The game lasted 00:03:51 (694 turns).

osuadh the Digger (Meteoran Earth Elementalist)      Turns: 694, Time: 00:03:52

HP:   0/21 (31)     AC:  2    Str:  9    XL:     3   Next: 82%
MP:   8/8           EV:  6    Int: 18    God:
Gold: 103           SH:  0    Dex: 15    Spells: 6/7 levels left

rFire   . . .      SeeInvis .   e - +2 dagger (drain)
rCold   . . .      Faith    .   (no shield)
rNeg    . . .      Spirit   .   a - +0 robe
rPois   .          Reflect  .   (no helmet)
rElec   .          Harm     .   d - scarf {shadows}
rCorr   .          Rampage  .   (no gloves)
Will    .....                   (no boots)
Stlth   +.........              (no amulet)
HPRegen 0.07/turn               (no ring)
MPRegen 0.11/turn               (no ring)

@: held, glowing, very heavily drained
A: sense surroundings 1, otherworldly, glowing, explore regen
a: no special abilities


You were on level 2 of the Dungeon.
You visited 1 branch of the dungeon, and saw 2 of its levels.

You collected 103 gold pieces.

Inventory:

Hand Weapons
 e - a +2 dagger of draining (weapon)
Missiles
 c - 16 stones
Armour
 a - a +0 robe (worn)
 d - a scarf of shadows (worn)
Potions
 b - a potion of magic


   Skills:
 + Level 3.2 Fighting
 - Level 2.4 Dodging
 - Level 1.4 Stealth
 - Level 2.6 Spellcasting
 - Level 1.2 Transmutations
 - Level 3.6 Earth Magic


You had 6 spell levels left.
You knew the following spells:

 Your Spells              Type           Power      Damage    Failure   Level
a - Sandblast             Erth           30%        2d9       3%          1

Your spell library contained the following spells:

 Spells                   Type           Power      Damage    Failure   Level
 Passwall                 Tmut/Erth      9%         N/A       10%         2
 Stone Arrow              Conj/Erth      16%        3d8       24%         3
 Petrify                  Tmut/Erth      11%        N/A       52%         4


Dungeon Overview and Level Annotations

Branches:
Dungeon (2/15) Zot: 687

Altars:

Annotations:
D:2 Terence


Innate Abilities, Weirdness & Mutations

You passively map a small area around you.
You are easily found by Zot.
You glow in the dark.
You regain HP and MP as you explore.


Message History

The bat completely misses you. The bat hits you but does no damage.
You hit the bat but do no damage. You drain the bat.
You kill the bat!
You hit the kobold but do no damage. You drain the kobold.
You kill the kobold!
Things that are here:
a +0 whip; a kobold corpse You hit the worm.
You drain the worm.
The worm is heavily wounded.
You hit the worm.
The worm is heavily wounded.
The worm bites you.
You hit the worm.
The worm is severely wounded.
You hit the worm.
You kill the worm!
You see here a worm corpse.
Found a stone staircase leading down.
HP restored.
There is a stone staircase leading down here.
A gnoll comes into view. It is wielding a +0 whip.
The gnoll shouts!
You hear a shout! x2
A gnoll is nearby!
A gnoll is nearby!
A gnoll is nearby! 2 gnolls come into view.
The gnoll shouts! x2
Terence the Incautious comes into view.
He is wielding a +2 flail of protection.
The gnoll attacks as you move away! The gnoll hits you with a +0 whip!
The gnoll throws a throwing net.
The throwing net hits you.
You become entangled in the net!
You see here a throwing net.
You struggle against the net.
The gnoll hits you with a +0 whip.
You tear a large gash into the net.
You rip the net and break free!
The gnoll misses you. The gnoll hits you with a +0 whip.
The gnoll throws a throwing net.
The throwing net hits you.
You become entangled in the net!
The gnoll hits you with a +0 whip!
You die...

........# , *
........# .# *
.....=..# ..# * *
........**..#
.......###..# *
.......##... ,, ,
........#.#########
* *
,..##...g.@.g.......
#....#g..@....# ,
..#....########.# ,
....#.#.# ,
..#...#.### ,
......>..#
#.........######.#
#................#
#..........####### ,
* ..........#


You could see Terence and 3 gnolls.

Vanquished Creatures
  A worm (D:2)
  3 bats
  A giant cockroach (D:1)
  7 goblins (D:1)
  A hobgoblin (D:1)
  8 jackals (D:1)
  2 quokkas (D:1)
  A ball python (D:1)
  3 kobolds
  2 rats (D:1)
29 creatures vanquished.

Notes
Turn   | Place    | Note
-------+----------+-------------------------------------------
     0 | D:1      | osuadh the Meteoran Earth Elementalist began the quest for
                  | the Orb.
     0 | D:1      | Reached XP level 1. HP: 14/14 MP: 5/5
    81 | D:1      | Reached skill level 1 in Fighting
   158 | D:1      | Reached XP level 2. HP: 23/23 MP: 3/6
   373 | D:1      | Reached XP level 3. HP: 24/30 MP: 5/8
   487 | D:1      | Glimpsed the power of Zot.
   534 | D:1      | Glimpsed the power of Zot.
   571 | D:1      | Glimpsed the power of Zot.
   580 | D:1      | Touched by the power of Zot.
   684 | D:2      | Noticed Terence
   694 | D:2      | Slain by a gnoll

Illustrated notes

Levels and vault maps discovered:
D:1:      psy_arrival_radial02, layout_loops_ring, minmay_cupped
D:2:      layout_basic, nicolae_ecumenical_snake_handling,
          chequers_serial_rivers_room_a, minmay_tromino_mix6, uniq_natasha,
          uniq_terence, uniq_jessica

Skill      XL: |  1  2  3 |
---------------+----------+-----
Fighting       | 1 2 3 |  3.2
Dodging        | |  2.4
Stealth        | |  1.4
Spellcasting   | |  2.6
Transmutations | |  1.2
Earth Magic    | |  3.6

Action                   || total
-------------------------++-------
Melee: Dagger            ||     7
 Cast: Sandblast         ||    39
Armor: Robe              ||     4
Dodge: Dodged            ||    24
